[Event "Late-Titled-Tuesday-Blitz-January-16-2024"]
[Site "Chess.com"]
[Date "2024.01.16"]
[Round "1"]
[White "DraningWaterHi"]
[Black "SanchezKelvin"]
[Result "0-1"]
[WhiteElo "2205"]
[BlackElo "2580"]
[TimeControl "180+1"]
[EndTime "14:06:55 PST"]
[Termination "SanchezKelvin won by resignation"]

1. d4 d5 2. Bf4 Nf6 3. e3 c5 4.
Nf3 Nc6 5. c3 Qb6 6. Qb3 c4 7. Qc2 Bf5 8. Qc1 e6 9. Nh4 Be4 10. f3 Bg6 11. Nxg6 hxg6 12. Nd2 Nh5 13. Bg5 Ng3 14. Rg1 Nxf1 15. Nxf1 Bd6 16. Bf4 Bxf4 17. exf4 Rc8 18. Kf2 Qd8 19. Qe3 Ne7 20. g4 Qb6 21. Rb1 a5 22. a3 Qd6 23. Kg2 g5 24. fxg5 Ng6 25. Kf2 Nf4 26. Rg3 Nd3+ 27. Kg1 b5 28.
Qe2 Qf4 29. Qd2 Qd6 30. Ne3 Qf4 31. Nf1 Qd6 32. Ne3 Kf8 33. Nc2 Re8 34. Ne1 Nf4 35.
Ng2 Nh3+ 36. Kf1 e5 37. Re1 exd4 38. Rxe8+ Kxe8 39. Qxd4 Nxg5 40. Qe3+ Ne6 41. f4 Kf8 42. f5 Nc5 43. Kg1 Ne4 44. Rh3 Rxh3 45. Qxh3 Qc5+ 46. Qe3 Qc7 47. Qd4 Qd6 48. Qa7 Kg8 49. Qa8+ Kh7 50. Qa7 f6 51. Qe3 b4 52. axb4 axb4 53. Qh3+ Kg8 54.
Qe3 bxc3 55. bxc3 Qa3 56. Qd4 Qc1+ 0-1

[Event "Late-Titled-Tuesday-Blitz-January-16-2024"]
[Site "Chess.com"]
[Date "2024.01.16"]
[Round "1"]
[White "Perecke"]
[Black "ritanovikova"]
[Result "0-1"]
[WhiteElo "2548"]
[BlackElo "2176"]
[TimeControl "180+1"]
[EndTime "14:06:55 PST"]
[Termination "ritanovikova won on time"]

1. e4 d5 2. exd5 Qxd5 3. Nc3 Qd6 4. Bc4 Nf6 5. Nf3 a6 6. a4 Bg4 7. h3 Bh5 8. g4 Bg6 9. d4 Nc6 10. Be3 e6 11. Ne2 Nb4 12. Bb3 Be4 13. Nc3 Bxf3 14.
Qxf3 Nfd5 15. Bd2 O-O-O 16. Ne4 Qd7 17. O-O-O h6 18. c4 f5 19. Nc5 fxg4 20. hxg4 Bxc5 21. dxc5 Rhf8 22. Qe2 Rxf2 23. Qe4 Nf6 24. Qe3 Nd3+ 25.
Kb1 Nxg4 26. Qe4 Nxc5 27. Qxg4 Nxb3 28. Be3 Nd2+ 29. Bxd2 Rxd2 30. Rxd2 Qxd2 31. Qxe6+ Kb8 32. Ka1 Qc2 33. a5 Qa4+ 34. Kb1 Qxa5 35. Rg1 g5 36. Qe7 Rd6 37. Qe8+ Ka7 38. Qe3+ b6 39. Qe7 Qc5 0-1

[Event "Late-Titled-Tuesday-Blitz-January-16-2024"]
[Site "Chess.com"]
[Date "2024.01.16"]
[Round "1"]
[White "scandalgod"]
[Black "VladimirKramnik"]
[Result "0-1"]
[WhiteElo "2492"]
[BlackElo "2918"]
[TimeControl "180+1"]
[EndTime "14:06:56 PST"]
[Termination "VladimirKramnik won by resignation"]

1. d4 Nf6 2. c4 e6 3. g3 Bb4+ 4.
Bd2 Be7 5. Bg2 d5 6. Nf3 c6 7.
Qc2 Nbd7 8. h4 a5 9. Nc3 dxc4 10. Rd1 Nd5 11. Bg5 h6 12. Bc1 b5 13. O-O Bb7 14. Ne5 Nxe5 15. dxe5 Qc7 16. f4 O-O 17. Ne4 Rad8 18.
Kh2 Nb4 19. Qb1 c5 20. Be3 Bxe4 21. Bxe4 Rxd1 22. Rxd1 Rd8 23. Bf2 a4 24. a3 Rxd1 25. Qxd1 Nc6 26. g4 Nxe5 27. Kh3 Nxg4 28. Kxg4 f5+ 29.
Bxf5 exf5+ 30. Kxf5 Qc8+ 31. Ke4 Qe6+ 32. Kf3 Bf6 33.
e4 Qh3+ 34. Ke2 Qg4+ 35. Kd2 Qxf4+ 36. Be3 Qxe4 37. Ke2 0-1

[Event "Late-Titled-Tuesday-Blitz-January-16-2024"]
[Site "Chess.com"]
[Date "2024.01.16"]
[Round "1"]
[White "stasOR4ik"]
[Black "FontVella8"]
[Result "0-1"]
[WhiteElo "2413"]
[BlackElo "2742"]
[TimeControl "180+1"]
[EndTime "14:06:56 PST"]
[Termination "FontVella8 won by resignation"]

1. e4 c6 2. c4 d5 3. cxd5 cxd5 4. exd5 Nf6 5. Nc3 Nxd5 6. Bc4 e6 7. Nf3 Be7 8. d4 O-O 9. O-O Nxc3 10. bxc3 b6 11. d5 Qc7 12. Qe2 exd5 13. Bxd5 Bb7 14. Bxb7 Qxb7 15.
Bf4 Nc6 16. Rfe1 Bf6 17. Rac1 Rad8 18. h4 h6 19. c4 Nd4 20. Nxd4 Rxd4 21. Bg3 Bxh4 22.
Be5 Rd7 23. Qg4 Bg5 24. f4 f5 25. Qg3 Bf6 26. Bxf6 Rxf6 27. Re8+ Kh7 28. Rce1 Qc6 29. R1e7 Rxe7 30. Rxe7 Rg6 31. Qh3 Rxg2+ 32. Qxg2 Qc5+ 33. Kf1 Qxe7 34. Qd5 Qe4 35. Qxe4 fxe4 36. Ke2 Kg6 37. Ke3 Kf5 38. a4 g5 39. a5 gxf4+ 40.
Kd4 0-1

[Event "Late-Titled-Tuesday-Blitz-January-16-2024"]
[Site "Chess.com"]
[Date "2024.01.16"]
[Round "1"]
[White "GMFYHR1"]
[Black "PawelCzarnota"]
[Result "1/2-1/2"]
[WhiteElo "2463"]
[BlackElo "2805"]
[TimeControl "180+1"]
[EndTime "14:06:57 PST"]
[Termination "Game drawn by agreement"]

1. e4 c5 2. Nf3 d6 3. d4 cxd4 4. Nxd4 Nf6 5. Nc3 Nc6 6. Bg5 e6 7. Qd2 a6 8. O-O-O Bd7 9. f4 b5 10. Nxc6 Bxc6 11. e5 dxe5 12. Qxd8+ Rxd8 13. Rxd8+ Kxd8 14. fxe5 h6 15. Bh4 g5 16. Bg3 Nh5 17. Bf2 Nf4 18.
Rg1 Bg7 19. g3 Ng6 20. a4 bxa4 21. Bxa6 Bxe5 22. Bb6+ Ke7 23. Bc5+ Bd6 24. Bxd6+ Kxd6 25. Rd1+ Kc5 26. Bd3 f5 27. Re1 Kd6 28. Bb5 e5 29. Bxa4 Bxa4 30. Nxa4 h5 31. c4 e4 32. b4 h4 33. b5 Ne5 34. Rd1+ Nd3+ 35. Kc2 hxg3 36. hxg3 Rh3 37. c5+ Kd5 38. c6 Kd6 39. Nb2 Rh2+ 40. Kc3 Rxb2 41. Rxd3+ exd3 42. Kxb2 g4 43. Kc3 f4 44.
Kxd3 f3 45. Ke3 Kc7 46. Kf2 Kb6 47. Ke3 Kc7 48. Kf2 Kb6 49. Ke3 1/2-1/2

[Event "Late-Titled-Tuesday-Blitz-January-16-2024"]
[Site "Chess.com"]
[Date "2024.01.16"]
[Round "1"]
[White "waltereador"]
[Black "Emp3rador"]
[Result "0-1"]
[WhiteElo "2273"]
[BlackElo "2620"]
[TimeControl "180+1"]
[EndTime "14:06:59 PST"]
[Termination "Emp3rador won by checkmate"]

1. e4 e6 2. d4 d5 3. exd5 exd5 4. h3 Nf6 5. Nf3 c5 6. dxc5 Bxc5 7. Bd3 O-O 8. O-O Nc6 9. Bg5 Qd6 10. Nbd2 h6 11. Bh4 Be6 12. Nb3 Bb6 13. Bg3 Qd7 14. Ne5 Nxe5 15. Bxe5 Ne4 16. Qf3 Qa4 17. Bxe4 dxe4 18. Qg3 f6 19. Bc3 Rad8 20. Nd2 Qxc2 21. Rac1 Qd3 22. Qxd3 exd3 23. a3 Rfe8 24. Rfe1 Bf7 25.
Kf1 Bh5 26. g4 Bg6 27. Rxe8+ Rxe8 28. Re1 Rxe1+ 29. Kxe1 Kf7 30. Nc4 Bc7 31. Bd4 b6 32. Kd2 Ke6 33. b3 Kd5 34. Be3 Ke4 35. Nb2 Kf3 36.
Nxd3 Bxd3 37. Kxd3 g5 38. Bd4 Bd8 39. a4 Kg2 40. Ke4 Kxh3 41. f3 Kg3 42. a5 bxa5 43.
Bxa7 Kg2 44. Bc5 Kg3 45. Bf8 Kf2 46. Bxh6 Be7 47. f4 gxf4 48. Bxf4 Bd8 49. Bd6 Ke2 50. Bc5 Kd2 51. Bd4 Kc2 52. Kf5 Kxb3 53. Bxf6 Bxf6 54. Kxf6 a4 55. g5 a3 56. g6 a2 57. g7 a1=Q+ 58.
Kf7 Qf1+ 59. Ke8 Qe2+ 60. Kf8 Qf3+ 61. Kg8 Kc4 62. Kh7 Qh5+ 63. Kg8 Kd5 64. Kf8 Qf5+ 65. Ke8 Qe6+ 66. Kf8 Qf6+ 67. Kg8 Ke6 68. Kh8 Kf7 69.
Kh7 Qxg7# 0-1

[Event "Late-Titled-Tuesday-Blitz-January-16-2024"]
[Site "Chess.com"]
[Date "2024.01.16"]
[Round "1"]
[White "youngdinousaur"]
[Black "bescmelasti"]
[Result "0-1"]
[WhiteElo "2347"]
[BlackElo "2659"]
[TimeControl "180+1"]
[EndTime "14:07:00 PST"]
[Termination "bescmelasti won by resignation"]

1. d4 Nf6 2. Nf3 e6 3. Bf4 c5 4. e3 cxd4 5. exd4 b6 6. c3 Be7 7.
Nbd2 O-O 8. Bd3 Ba6 9. Qe2 Bxd3 10. Qxd3 d6 11. O-O Nbd7 12. Rfe1 a6 13. Rad1 b5 14. Nf1 Qc7 15. Qe2 Rfe8 16. Ng3 Rab8 17. a3 Qc4 18. h4 Qxe2 19. Rxe2 h6 20. h5 a5 21. Rde1 Bf8 22. Nd2 Rec8 23. Nge4 Nxe4 24.
Rxe4 Nf6 25. R4e2 Nxh5 26. Bh2 Nf6 27. f3 Rb7 28. g4 Nd5 29. Kg2 Nb6 30. Ne4 d5 31. Nd6 Bxd6 32. Bxd6 Nc4 33. Bc5 Rc6 34. Kg3 Nd6 35. Kf4 Rd7 36. Rh1 Nb7 37. b4 f6 38.
Rhe1 Kf7 39. Kg3 Nxc5 40. bxc5 Rb7 41. Rb1 Rc8 42. Reb2 Rcb8 43. a4 b4 44. cxb4 Rxb4 45. Rxb4 Rxb4 46. Rc1 Ke7 47. c6 Kd8 48. Rc5 Rxa4 49.
Kf2 Kc7 50. Ke3 Ra3+ 51. Kf4 Rd3 52. Rxa5 Kxc6 53. Ra4 Rxd4+ 54. Rxd4 e5+ 55. Ke3 exd4+ 56. Kxd4 g5 57. Kd3 Kc5 58. Kc3 d4+ 59. Kd3 Kd5 0-1

[Event "Late-Titled-Tuesday-Blitz-January-16-2024"]
[Site "Chess.com"]
[Date "2024.01.16"]
[Round "1"]
[White "Heretoflag"]
[Black "SchmakAttack"]
[Result "0-1"]
[WhiteElo "2384"]
[BlackElo "2707"]
[TimeControl "180+1"]
[EndTime "14:07:01 PST"]
[Termination "SchmakAttack won on time"]

1. d4 d5 2. c4 e6 3. Nc3 Bb4 4. cxd5 exd5 5. Nf3 Nf6 6. Bg5 h6 7. Bh4 Bf5 8. e3 g5 9. Bg3 Ne4 10. Rc1 O-O 11. Bd3 c5 12. dxc5 Nd7 13. O-O Bxc3 14. bxc3 Ndxc5 15. Bb1 Rc8 16. c4 Nxg3 17. hxg3 Bxb1 18.
Rxb1 dxc4 19. Qc2 Qd5 20. Rfd1 Nd3 21. a4 a6 22. Rb6 Kg7 23. Rdb1 Rc7 24. Qc3+ f6 25.
Nd4 Re8 26. g4 Kg6 27. Nb5 Rc6 28. Nd4 Rxb6 29. Rxb6 Ne5 30. Nf5 Qd1+ 31. Kh2 Nxg4+ 32. Kg3 Kxf5 0-1

[Event "Late-Titled-Tuesday-Blitz-January-16-2024"]
[Site "Chess.com"]
[Date "2024.01.16"]
[Round "1"]
[White "iturrizaga"]
[Black "Good_Knight_Kiss"]
[Result "1/2-1/2"]
[WhiteElo "3015"]
[BlackElo "2523"]
[TimeControl "180+1"]
[EndTime "14:07:02 PST"]
[Termination "Game drawn by repetition"]

1. c4 Nf6 2. g3 g6 3. Bg2 Bg7 4.
Nc3 d6 5. d4 O-O 6. Nf3 Nbd7 7.
O-O e5 8. Qc2 c6 9. Rd1 Qe7 10.
b3 Re8 11. Ba3 e4 12. Ng5 e3 13. f3 a6 14. Nge4 Nxe4 15. Nxe4 c5 16. dxc5 dxc5 17. Bb2 Nf6 18. Qc3 Nh5 19. Qc1 Nf6 20. Nc3 Bf5 21.
g4 Bxg4 22. fxg4 Nxg4 23. h3 Nf2 24. Nd5 Qh4 25. Bxg7 Nxh3+ 26. Bxh3 Qxh3 27. Nf6+ Kxg7 28. Nxe8+ Rxe8 29. Qc3+ Kg8 30. Qf6 Qg3+ 31. Kf1 Qh3+ 32. Kg1 Qg3+ 33. Kh1 Qh3+ 34. Kg1 1/2-1/2

[Event "Late-Titled-Tuesday-Blitz-January-16-2024"]
[Site "Chess.com"]
[Date "2024.01.16"]
[Round "1"]
[White "The_Machine04"]
[Black "Chessbard1972"]
[Result "1/2-1/2"]
[WhiteElo "2706"]
[BlackElo "2404"]
[TimeControl "180+1"]
[EndTime "14:07:02 PST"]
[Termination "Game drawn by repetition"]

1. d4 d5 2. Nf3 c5 3. e3 Nf6 4.
c3 Nc6 5. Nbd2 e6 6. Bd3 Bd6 7. O-O e5 8. dxe5 Nxe5 9. Nxe5 Bxe5 10. e4 O-O 11. exd5 Qxd5 12. Nf3 Bg4 13. Be2 Bc7 14. h3 Bh5 15. Qxd5 Nxd5 16. Rd1 Rad8 17. Bg5 f6 18.
Bc4 Bf7 19. Be3 b6 20. a4 Nxe3 21. Bxf7+ Kxf7 22. fxe3 Bg3 23. Kf1 Ke7 24. Ke2 Rxd1 25. Rxd1 Rd8 26. Rxd8 Kxd8 27. Kd3 Kd7 28. Kc4 Kc6 29.
b4 cxb4 30. cxb4 a6 31. Nd4+ Kd7 32. Kd5 Bf2 33. Nc2 g6 34. e4 b5 35. axb5 axb5 36. Na3 Be1 37. Kc5 Ke6 38. Nc2 Bf2+ 39. Kxb5 Ke5 40. Kc6 Kxe4 41. b5 Kf4 42. Nb4 Kg3 43. Nd3 Ba7 44. Kb7 Bd4 45. Ne1 Kf2 46. Nc2 Bc5 47.
Kc6 Ba7 48. Kb7 Bc5 49. Kc6 Ba7 50. Kb7 Bc5 1/2-1/2

[Event "Late-Titled-Tuesday-Blitz-January-16-2024"]
[Site "Chess.com"]
[Date "2024.01.16"]
[Round "1"]
[White "TEREZANA"]
[Black "AryanTari"]
[Result "1-0"]
[WhiteElo "2518"]
[BlackElo "2915"]
[TimeControl "180+1"]
[EndTime "14:07:04 PST"]
[Termination "TEREZANA won by resignation"]

1. d4 a6 2. Nf3 e6 3. e4 d5 4. Nbd2 c5 5. c3 cxd4 6. cxd4 dxe4 7. Nxe4 Nc6 8. Bd3 Bb4+ 9. Nc3 Nf6 10. O-O O-O 11.
Bg5 Be7 12. Qe2 b5 13. Bxf6 Bxf6 14. Qe4 g6 15. Qxc6 Rb8 16. Ne4 Bb7 17. Qc5 Bg7 18. Rfe1 Rc8 19. Qg5 Qxg5 20. Nexg5 Rfd8 21. Rad1 h6 22. Be4 hxg5 23. Bxb7 Rc2 24. h3 Rxb2 25. d5 exd5 26.
Rxd5 Rxd5 27. Bxd5 Bf6 28. Rc1 Be7 29. g3 a5 30. Rc7 Kf8 31. Ne5 Rd2 32. Bxf7 Bd6 33. Rd7 Bxe5 34. Rxd2 Kxf7 35. Rd5 Ke6 36. Rxb5 a4 37.
Kg2 a3 38. Kf3 Kf6 39. Ke4 Bb2 40. Rb6+ Kg7 41. g4 Bc3 42. Kd3 Bb2 43. Rxb2 axb2 44. Kc2 Kf6 45. Kxb2 Ke6 46. a4 Kd6 47. Kc3 Kc5 48. Kd3 1-0

[Event "Late-Titled-Tuesday-Blitz-January-16-2024"]
[Site "Chess.com"]
[Date "2024.01.16"]
[Round "1"]
[White "hsd2016"]
[Black "AradNazari"]
[Result "0-1"]
[WhiteElo "2276"]
[BlackElo "2624"]
[TimeControl "180+1"]
[EndTime "14:07:05 PST"]
[Termination "AradNazari won by checkmate"]

1. e4 g5 2. d3 h6 3. h4 gxh4 4. Nf3 h3 5. Rxh3 d5 6. Rh1 dxe4 7.
dxe4 Qxd1+ 8. Kxd1 Nf6 9. Nbd2 Nc6 10. c3 e5 11. Bb5 Ng4 12. Ke2 Bc5 13. Nb3 Bb6 14.
c4 Bxf2 15. Bd2 Bg3 16. Bc3 f6 17. Nc5 Kf7 18. Rh3 Bf4 19. Rf1 Ne3 20. Bxc6 bxc6 21.
Nxe5+ fxe5 22. Rxe3 Bg4+ 23. Ke1 Ke7 24. Rd3 Rhd8 25.
Rg1 h5 26. g3 Rxd3 27. Nxd3 Be3 28. Rf1 Rd8 29. Nf2 Bf3 30. Bxe5 Bd2# 0-1

[Event "Late-Titled-Tuesday-Blitz-January-16-2024"]
[Site "Chess.com"]
[Date "2024.01.16"]
[Round "1"]
[White "ZuraTqebuchava"]
[Black "Filipets"]
[Result "0-1"]
[WhiteElo "2142"]
[BlackElo "2559"]
[TimeControl "180+1"]
[EndTime "14:07:05 PST"]
[Termination "Filipets won on time"]

1. e4 d6 2. d4 Nf6 3. Nc3 g6 4. g3 Bg7 5. Bg2 O-O 6. Nge2 e5 7. O-O Nc6 8. dxe5 dxe5 9. Qxd8 Rxd8 10. Bg5 Be6 11. h3 h6 12. Bxf6 Bxf6 13. Rfd1 Rxd1+ 14. Rxd1 Rd8 15. Rxd8+ Bxd8 16. Nd5 Ne7 17. Nec3 c6 18.
Nxe7+ Bxe7 19. Kf1 Bb4 20. a3 Bxc3 21. bxc3 Kf8 22.
Ke2 Ke7 23. Kd2 Kd6 24. h4 Kc5 25. Kc1 f5 26. exf5 gxf5 27. Bf1 Bc4 28. Bh3 f4 29. g4 Be6 30. f3 h5 31. Kd2 e4 32. fxe4 hxg4 33. Bf1 Bf7 34. Be2 Bh5 35. Bf1 Kd6 36. Kd3 Ke5 37. c4 c5 38. a4 a5 39. c3 b6 40. Bg2 Bg6 41. Bf1 Bxe4+ 42. Ke2 g3 43.
Bh3 f3+ 44. Kf1 Bd3+ 0-1

[Event "Late-Titled-Tuesday-Blitz-January-16-2024"]
[Site "Chess.com"]
[Date "2024.01.16"]
[Round "1"]
[White "Jospem"]
[Black "jerry_77"]
[Result "1-0"]
[WhiteElo "3099"]
[BlackElo "2524"]
[TimeControl "180+1"]
[EndTime "14:07:06 PST"]
[Termination "Jospem won by checkmate"]

1. e4 c6 2. d4 d5 3. e5 c5 4. dxc5 Nc6 5. Nf3 Bg4 6. c3 e6 7. Be3 a6 8. Nbd2 Nxe5 9. Be2 Nc6 10. O-O Nf6 11. b4 Be7 12. h3 Bh5 13. Rc1 O-O 14. Nd4 Bxe2 15. Qxe2 Nd7 16. N2b3 Bf6 17. Rfd1 Nxd4 18. cxd4 Nb8 19. a4 Re8 20. b5 axb5 21. axb5 Nd7 22. Qc2 h6 23. Bf4 Bg5 24. Qd2 Ra3 25.
Rb1 Bxf4 26. Qxf4 Nf6 27. Nd2 Qd7 28. Rdc1 Rc8 29. Nf3 Ne4 30. c6 bxc6 31. Ne5 Qe8 32. Rxc6 Rca8 33. Rc7 Nc3 34. Re1 Ra1 35. Qe3 Rxe1+ 36.
Qxe1 Nxb5 37. Rxf7 Nxd4 38. Rb7 Qh5 39. Ng4 Qf5 40. Qe3 Ra4 41. Nxh6+ gxh6 42. Qg3+ Kf8 43. Qb8# 1-0

[Event "Late-Titled-Tuesday-Blitz-January-16-2024"]
[Site "Chess.com"]
[Date "2024.01.16"]
[Round "1"]
[White "rasmussvane"]
[Black "argentum049"]
[Result "1-0"]
[WhiteElo "2979"]
[BlackElo "2509"]
[TimeControl "180+1"]
[EndTime "14:07:06 PST"]
[Termination "rasmussvane won by resignation"]

1. Nf3 Nf6 2. g3 g6 3. Bg2 Bg7 4. O-O O-O 5. d4 d6 6. Re1 Nc6 7. d5 Nb8 8. c4 e5 9. dxe6 fxe6 10.
Nc3 Nc6 11. h3 e5 12. Be3 Be6 13. Qa4 h6 14. Red1 Qc8 15. Kh2 Ne7 16. Nd2 Nf5 17.
Nde4 Nxe3 18. fxe3 Nd7 19. Nd5 Qd8 20. Qb4 Rb8 21.
Rf1 Bf5 22. Qd2 Kh7 23. Rad1 h5 24. b4 Bh6 25. c5 c6 26. Nxd6 cxd5 27. Qxd5 Nf6 28.
Qxe5 Qc7 29. e4 Rbe8 30. Qxf6 Rxf6 31. Nxe8 Qe7 32. Nxf6+ Qxf6 33. exf5 gxf5 34. Rd7+ Kg6 35. Rd6 1-0

[Event "Late-Titled-Tuesday-Blitz-January-16-2024"]
[Site "Chess.com"]
[Date "2024.01.16"]
[Round "1"]
[White "crazy_but_lazy"]
[Black "SuanFernandes"]
[Result "1-0"]
[WhiteElo "2586"]
[BlackElo "2239"]
[TimeControl "180+1"]
[EndTime "14:07:06 PST"]
[Termination "crazy_but_lazy won on time"]

1. e4 c6 2. d4 d5 3. exd5 cxd5 4. Bd3 Nc6 5. c3 Nf6 6. Bf4 Bg4 7. Qb3 Qd7 8. Nd2 e6 9. Ngf3 Bd6 10. Bxd6 Qxd6 11.
O-O O-O 12. Rae1 a6 13. Ne5 b5 14. a3 Rab8 15. Re3 Qc7 16. Rfe1 Nxe5 17. Rxe5 Bh5 18. R5e3 Bg6 19. Bxg6 hxg6 20. Qd1 a5 21. b4 Rfc8 22. Nb3 Ne4 23. Nc5 Nxc5 24. dxc5 Ra8 25. Qd4 Qe7 26.
Qxd5 Qf6 27. Qb7 Rcb8 28. Qd7 axb4 29. axb4 Ra3 30. Rf3 Rd8 31. Qxb5 1-0

[Event "Late-Titled-Tuesday-Blitz-January-16-2024"]
[Site "Chess.com"]
[Date "2024.01.16"]
[Round "1"]
[White "alertakobra"]
[Black "jk13"]
[Result "1-0"]
[WhiteElo "2390"]
[BlackElo "2681"]
[TimeControl "180+1"]
[EndTime "14:07:07 PST"]
[Termination "alertakobra won by checkmate"]

1. d4 Nf6 2. c4 e6 3. Nf3 Bb4+ 4. Nbd2 O-O 5. a3 Be7 6. e4 d5 7. e5 Nfd7 8. Bd3 c5 9. Qc2 h6 10. O-O Nc6 11. Nb3 cxd4 12. Re1 a5 13. cxd5 exd5 14. Nbxd4 Nxd4 15. Nxd4 Nc5 16. Bh7+ Kh8 17.
Bf5 a4 18. Bf4 Qb6 19. Rad1 Be6 20. Qd2 Nb3 21. Nxb3 Bxf5 22. Nd4 Bh7 23. e6 Bc5 24. Be5 f6 25. Bg3 Rfe8 26. h3 Rad8 27. Qc3 Bg8 28. Kh2 Rc8 29. Qd2 Qa6 30. Nf5 Rxe6 31. Nxh6 gxh6 32. Qxh6+ Bh7 33. Bh4 Be7 34. Rc1 Rxc1 35.
Rxc1 Kg8 36. Rc8+ Bd8 37. Rxd8+ Kf7 38. Qxh7# 1-0

[Event "Late-Titled-Tuesday-Blitz-January-16-2024"]
[Site "Chess.com"]
[Date "2024.01.16"]
[Round "1"]
[White "IngOscarArdila"]
[Black "Agibileg"]
[Result "1/2-1/2"]
[WhiteElo "2373"]
[BlackElo "2682"]
[TimeControl "180+1"]
[EndTime "14:07:08 PST"]
[Termination "Game drawn by repetition"]

1. d4 Nf6 2. c4 e6 3. Nc3 Bb4 4.
Qc2 Nc6 5. Nf3 d6 6. Bg5 h6 7. Bh4 e5 8. dxe5 dxe5 9. e3 Bg4 10. Be2 g5 11. Rd1 Qe7 12. Bg3 e4 13. Nd4 Nxd4 14. Rxd4 Bxe2 15. Kxe2 Bxc3 16. Qxc3 O-O 17. h4 Nh5 18.
hxg5 Nxg3+ 19. fxg3 Qxg5 20. Rd5 Qxg3 21. Rxh6 Qxg2+ 22. Kd1 f6 23. Qd4 Rae8 24. Rhh5 Re7 25. Rdf5 c6 26. Qd6 Qg7 27. Kc2 Qf7 28. Kc3 Rd7 29. Qc5 Rfd8 30. Rfg5+ fxg5 31. Rxg5+ Kh8 32. Rh5+ Kg8 33.
Rg5+ Kh7 34. Rh5+ Kg8 35. Rg5+ 1/2-1/2

[Event "Late-Titled-Tuesday-Blitz-January-16-2024"]
[Site "Chess.com"]
[Date "2024.01.16"]
[Round "1"]
[White "Mr_November18"]
[Black "Mikhail_Golubev"]
[Result "1-0"]
[WhiteElo "2060"]
[BlackElo "2534"]
[TimeControl "180+1"]
[EndTime "14:07:08 PST"]
[Termination "Mr_November18 won on time"]

1. e4 c5 2. d4 cxd4 3. c3 dxc3 4. Nxc3 Nc6 5. Nf3 d6 6. Bc4 a6 7. O-O Nf6 8. Qe2 Bg4 9. e5 Bxf3 10. Qxf3 Nxe5 11.
Qxb7 Nxc4 12. Qc6+ Nd7 13. Qxc4 e6 14. Bf4 Be7 15. Rfd1 Rc8 16. Qxa6 d5 17. Rac1 O-O 18. Bg3 Nc5 19. Qe2 Bf6 20. Be5 Bxe5 21. Qxe5 Qb6 22. b3 Rfd8 23. Qd4 Qb8 24. g3 e5 25. Qh4 d4 26. Ne4 Ne6 27. Qg4 h6 28. Qh5 Rxc1 29. Rxc1 d3 30. Rd1 Qb7 31. Qh4 f5 32. Nc5 Qc8 33. Nxe6 g5 34. Qxh6 1-0

[Event "Late-Titled-Tuesday-Blitz-January-16-2024"]
[Site "Chess.com"]
[Date "2024.01.16"]
[Round "1"]
[White "Kiborg95"]
[Black "ural58"]
[Result "1-0"]
[WhiteElo "2871"]
[BlackElo "2470"]
[TimeControl "180+1"]
[EndTime "14:07:09 PST"]
[Termination "Kiborg95 won on time"]

1. e4 d5 2. exd5 Qxd5 3. Nf3 Bg4 4.
Be2 Nc6 5. h3 Bxf3 6. Bxf3 Qe6+ 7. Qe2 Nd4 8. Qxe6 Nxf3+ 9. gxf3 fxe6 10. d3 g6 11. Nd2 Bh6 12. Ne4 Bxc1 13. Rxc1 Nh6 14.
Nc5 Kf7 15. h4 Nf5 16. h5 g5 17. h6 Nd4 18. Rh3 Rhg8 19. Kd2 Rg6 20. Rg1 Rf6 21. Ne4 Rg8 22. Nxf6 exf6 23. c3 Nf5 24. f4 g4 25. Rh2 Rg6 26. d4 Nxh6 27. Rgh1 Kg7 28.
Ke3 Nf5+ 29. Ke4 h6 30. Rg1 Nd6+ 31. Kd3 f5 32. f3 gxf3 33. Rxg6+ Kxg6 34. Ke3 Ne4 35.
Kxf3 Nf6 36. c4 h5 37. Rg2+ Kf7 38. Rg5 c6 39. b4 h4 40. Rg2 Ne4 41. Rh2 Kg6 42.
Rg2+ Kf6 43. Rg8 Nd2+ 44. Ke2 Nxc4 45. Kd3 Nb6 46. Rh8 Nd5 47. Rxh4 Nxb4+ 48. Kc4 Nd5 49.
Rh6+ Ke7 50. Rh7+ Kd6 51. Rxb7 Nxf4 52. Rxa7 Nd5 53. Ra3 f4 54. Rh3 Ne3+ 55. Kd3 Nd5 56. Ke4 c5 57. dxc5+ Kxc5 58. Ke5 Kc4 59. Kxe6 Nc3 60.
a3 Nb5 61. Ke5 1-0

[Event "Late-Titled-Tuesday-Blitz-January-16-2024"]
[Site "Chess.com"]
[Date "2024.01.16"]
[Round "1"]
[White "EsmeraldasAnderson03"]
[Black "brm72"]
[Result "0-1"]
[WhiteElo "2396"]
[BlackElo "2712"]
[TimeControl "180+1"]
[EndTime "14:07:09 PST"]
[Termination "brm72 won on time"]

1. d4 Nf6 2. c4 e6 3. Nc3 c5 4. d5 exd5 5. cxd5 g6 6. e4 d6 7. Nf3 Bg7 8. Nd2 O-O 9. Be2 Re8 10. O-O a6 11. a4 Nbd7 12. h3 Rb8 13. Qc2 Qc7 14.
Rb1 Nf8 15. b3 Bd7 16. Bb2 b5 17. axb5 axb5 18. Nd1 Ra8 19. Ne3 Qb6 20. Ra1 h5 21. Rxa8 Rxa8 22. Ra1 Rxa1+ 23. Bxa1 Qa5 24. Bc3 Qa3 25. Qb2 Qxb2 26. Bxb2 N8h7 27. f3 Kf8 28. Kf2 Ke7 29. g4 Bh6 30. Ndf1 h4 31. Ng2 g5 32. Nge3 Bg7 33. Nf5+ Bxf5 34. gxf5 Nxe4+ 35. fxe4 Bxb2 36. Bxb5 Kf6 37. Ke3 Ke5 38. Be8 Nf6 39. Bxf7 Nxe4 40. Be6 Bc1+ 41. Kf3 Bf4 42. Ne3 Bxe3 43. Kxe3 Nf6 44.
Kf3 Kd4 45. Bf7 Kc3 46. Ke3 Kxb3 0-1

[Event "Late-Titled-Tuesday-Blitz-January-16-2024"]
[Site "Chess.com"]
[Date "2024.01.16"]
[Round "1"]
[White "SCIM"]
[Black "SmirnovTimofey2000"]
[Result "1-0"]
[WhiteElo "2540"]
[BlackElo "1986"]
[TimeControl "180+1"]
[EndTime "14:07:10 PST"]
[Termination "SCIM won on time"]

1. b3 d5 2. Bb2 Nf6 3. e3 e6 4.
Nf3 Bd6 5. c4 c6 6. Nc3 Nbd7 7.
Qc2 O-O 8. Be2 a5 9. g4 Qc7 10. g5 Ne8 11. h4 Ne5 12. Nxe5 Bxe5 13. f4 Bd6 14. h5 b5 15. Bd3 f5 16. gxf6 Nxf6 17.
h6 g6 18. Bxg6 hxg6 19. Qxg6+ Kh8 20. Rg1 Qh7 21. Qg7+ Qxg7 22. hxg7+ Kg8 23. gxf8=Q+ Kxf8 24. cxb5 cxb5 25. Nxb5 Be7 26. Rc1 Ba6 27. Nc7 Ra7 28. Nxe6+ Kf7 29. Ng5+ Ke8 30. Bd4 Rb7 31. Ne6 Ne4 32.
Nc7+ Rxc7 33. Rxc7 Bb4 34. Rg8+ Bf8 35. Ra7 Bd3 36.
Bg7 1-0

[Event "Late-Titled-Tuesday-Blitz-January-16-2024"]
[Site "Chess.com"]
[Date "2024.01.16"]
[Round "1"]
[White "karinachess1"]
[Black "finec2"]
[Result "1-0"]
[WhiteElo "2626"]
[BlackElo "2290"]
[TimeControl "180+1"]
[EndTime "14:07:11 PST"]
[Termination "karinachess1 won by resignation"]

1. d4 Nf6 2. c4 g6 3. g3 Bg7 4. Bg2 O-O 5. Nc3 d6 6. Nf3 Nc6 7. O-O a6 8. Bf4 Rb8 9. Rc1 Nh5 10. Bg5 h6 11. Be3 e5 12. Qd2 Kh7 13. dxe5 dxe5 14.
Qxd8 Rxd8 15. Nd5 Rd7 16. Bh3 f5 17. g4 fxg4 18. Bxg4 Rf7 19. Bxc8 Rxc8 20. Rcd1 Nf4 21. Rd2 Nxd5 22. cxd5 Ne7 23. Rc1 Nf5 24. Bb6 e4 25. Nd4 Nd6 26. Bc5 Bxd4 27. Rxd4 Re8 28. Rb4 Ref8 29.
Rf1 Rf5 30. Bxd6 cxd6 31. Rxe4 R8f7 32. Rd4 Rg5+ 33. Kh1 Rff5 34. e4 Rf4 35. f3 Rh4 36. Rf2 Rgh5 37. Rc4 Rf4 38. Rc7+ Kg8 39. Rxb7 1-0

[Event "Late-Titled-Tuesday-Blitz-January-16-2024"]
[Site "Chess.com"]
[Date "2024.01.16"]
[Round "1"]
[White "AEMEffi"]
[Black "AlleyOoper"]
[Result "1-0"]
[WhiteElo "2349"]
[BlackElo "2627"]
[TimeControl "180+1"]
[EndTime "14:07:12 PST"]
[Termination "AEMEffi won by checkmate"]

1. d4 Nf6 2. c4 c5 3. d5 g6 4. Nc3 Bg7 5. e4 d6 6. Bd3 O-O 7. Nge2 e6 8. O-O exd5 9. exd5 Nbd7 10. Bf4 Ne5 11. Ng3 Nxd3 12. Qxd3 h5 13. Rfe1 h4 14.
Nf1 h3 15. g3 Bf5 16. Qd2 Ng4 17. Ne3 Nxe3 18. fxe3 a6 19. e4 Bg4 20. Nd1 Bxd1 21.
Raxd1 Re8 22. b3 b5 23. Qf2 bxc4 24. bxc4 Rb8 25. e5 dxe5 26. Be3 Rb4 27. Rc1 Ra4 28.
Bxc5 f5 29. Bb6 Qd7 30. Red1 e4 31. d6 Rc8 32. c5 Bf6 33. c6 Rxc6 34. Rxc6 Qxc6 35. d7 e3 36. d8=Q+ Bxd8 37. Rxd8+ Kh7 38. Bxe3 Ra3 39. Bd4 Rd3 40. Rh8# 1-0